PA
MANCELONA TORCH @ SOUTH BEACH BLAZE
07/29/2024
 
TOP OF THE 1ST
Mancelona Torch batting - Pitching for South Beach Blaze : RHP Carlos Ortega
Pitching: RHP Carlos Ortega
Batting: LHB Jim Unknown 0-0: Swinging Strike
0-1: Foul Ball, location: 2F
0-2: Ball
1-2: Ball
2-2: Ball
3-2: SINGLE (Groundball, 25) (infield hit)
Batting: RHB Ricardo Cardenas 0-0: Fly out, F8 (Flyball, 8RM)
Batting: RHB Bert Cook 0-0: Called Strike
0-1: Grounds into double play, 4-6-3 (Groundball, 4)
Top of the 1st over - 0 run(s), 1 hit(s), 0 error(s), 0 left on base; Mancelona 0 - South Beach 0
BOTTOM OF THE 1ST
South Beach Blaze batting - Pitching for Mancelona Torch : RHP Cheh Hao
Pitching: RHP Cheh Hao
Batting: RHB Raúl Moreno 0-0: Called Strike
0-1: Ball
1-1: Ball
2-1: Fly out, F8 (Flyball, 8RM)
Batting: LHB Theo Fightmaster 0-0: Ball
1-0: Ball
2-0: Ball
3-0: Base on Balls
Batting: RHB Alfredo García 0-0: Grounds into double play, 4-6-3 (Groundball, 4)
Bottom of the 1st over - 0 run(s), 0 hit(s), 0 error(s), 0 left on base; Mancelona 0 - South Beach 0
TOP OF THE 2ND
Mancelona Torch batting - Pitching for South Beach Blaze : RHP Carlos Ortega
Batting: LHB Iemitsu Hatsutori 0-0: Called Strike
0-1: Foul Ball, location: 2F
0-2: Ball
1-2: Ground out 4-3 (Groundball, 4)
Batting: RHB Ron Thomas 0-0: Called Strike
0-1: Reached on error, E5 (Groundball, 56)
Batting: RHB Mesa Altuve 0-0: Called Strike
0-1: Ball
1-1: Ball
2-1: Foul Ball, location: 2F
2-2: Foul Ball, location: 2F
2-2: Fly out, F9 (Flyball, 9S)
Batting: LHB Jorge Morín 0-0: Called Strike
0-1: Ground out 1-3 (Groundball, 13S)
Top of the 2nd over - 0 run(s), 0 hit(s), 1 error(s), 1 left on base; Mancelona 0 - South Beach 0
BOTTOM OF THE 2ND
South Beach Blaze batting - Pitching for Mancelona Torch : RHP Cheh Hao
Batting: RHB Logan Namajunas 0-0: Ball
1-0: Called Strike
1-1: Ball
2-1: SINGLE (Groundball, 56D)
Batting: SHB José Rico 0-0: Called Strike
0-1: Ground out 1-3 (Groundball, 3S)
Logan Namajunas to second
Batting: RHB Pau Arria 0-0: Called Strike
Logan Namajunas steals 3rd base
0-1: Ball
1-1: Ground out 6-3 (Groundball, 6)
Logan Namajunas scores
Batting: RHB Troy Charles 0-0: Fly out, F9 (Flyball, 89S)
Bottom of the 2nd over - 1 run(s), 1 hit(s), 0 error(s), 0 left on base; Mancelona 0 - South Beach 1
TOP OF THE 3RD
Mancelona Torch batting - Pitching for South Beach Blaze : RHP Carlos Ortega
Batting: RHB Vojtech Farkas 0-0: Swinging Strike
0-1: Foul Ball, location: 2F
0-2: Strikes out swinging
Batting: LHB José Hernández 0-0: SINGLE (Groundball, 34D)
Batting: LHB Jim Unknown 0-0: Ball
1-0: Ball
2-0: Ball
3-0: Base on Balls
José Hernández to second
Batting: RHB Ricardo Cardenas 0-0: Ball
1-0: Ball
2-0: Called Strike
2-1: Foul Ball, location: 2F
2-2: Foul Ball, location: 2F
2-2: Strikes out swinging
Batting: RHB Bert Cook 0-0: Called Strike
0-1: Swinging Strike
0-2: Strikes out looking
Top of the 3rd over - 0 run(s), 1 hit(s), 0 error(s), 2 left on base; Mancelona 0 - South Beach 1
BOTTOM OF THE 3RD
South Beach Blaze batting - Pitching for Mancelona Torch : RHP Cheh Hao
Batting: RHB Dimian Menres 0-0: Bunt for hit - play at first, batter OUT! 5-3
Batting: RHB León Domínguez 0-0: Ball
1-0: Foul Ball, location: 2F
1-1: Ground out 6-3 (Groundball, 6)
Batting: RHB Raúl Moreno 0-0: Ball
1-0: SINGLE (Line Drive, 4MD)
Batting: LHB Theo Fightmaster 0-0: Called Strike
0-1: Called Strike
0-2: Ball
1-2: Foul Ball, location: 2F
1-2: Ball
2-2: Strikes out looking
Bottom of the 3rd over - 0 run(s), 1 hit(s), 0 error(s), 1 left on base; Mancelona 0 - South Beach 1
TOP OF THE 4TH
Mancelona Torch batting - Pitching for South Beach Blaze : RHP Carlos Ortega
Batting: LHB Iemitsu Hatsutori 0-0: Called Strike
0-1: Ball
1-1: Ball
2-1: Swinging Strike
2-2: Ground out 4-3 (Groundball, 4)
Batting: RHB Ron Thomas 0-0: Ball
1-0: SOLO HOME RUN (Flyball, 78XD), Distance : 446 ft
Batting: RHB Mesa Altuve 0-0: Called Strike
0-1: Swinging Strike
0-2: Ball
1-2: Strikes out looking
Batting: LHB Jorge Morín 0-0: SINGLE (Groundball, 4MD)
Batting: RHB Vojtech Farkas 0-0: Called Strike
0-1: Ball
1-1: Foul Ball, location: 2F
1-2: Strikes out swinging
Top of the 4th over - 1 run(s), 2 hit(s), 0 error(s), 1 left on base; Mancelona 1 - South Beach 1
BOTTOM OF THE 4TH
South Beach Blaze batting - Pitching for Mancelona Torch : RHP Cheh Hao
Batting: RHB Alfredo García 0-0: Ball
1-0: Ground out 1-3 (Groundball, 13S)
Batting: RHB Logan Namajunas 0-0: Ball
1-0: Ball
2-0: Ball
3-0: Base on Balls
Batting: SHB José Rico 0-0: Reached on error, E5 (Groundball, 56S)
Logan Namajunas to second
Batting: RHB Pau Arria 0-0: Called Strike
Logan Namajunas is caught stealing 3rd base
José Rico to second
0-1: Ball
1-1: Fly out, F7 (Flyball, 78M)
Bottom of the 4th over - 0 run(s), 0 hit(s), 1 error(s), 1 left on base; Mancelona 1 - South Beach 1
TOP OF THE 5TH
Mancelona Torch batting - Pitching for South Beach Blaze : RHP Carlos Ortega
Batting: LHB José Hernández 0-0: Swinging Strike
0-1: Swinging Strike
0-2: Ball
1-2: Strikes out swinging
Batting: LHB Jim Unknown 0-0: Ball
1-0: Foul Ball, location: 2F
1-1: Foul Ball, location: 2F
1-2: Strikes out looking
Batting: RHB Ricardo Cardenas 0-0: Ground out 5-3 (Groundball, 56S)
Top of the 5th over - 0 run(s), 0 hit(s), 0 error(s), 0 left on base; Mancelona 1 - South Beach 1
BOTTOM OF THE 5TH
South Beach Blaze batting - Pitching for Mancelona Torch : RHP Cheh Hao
Batting: RHB Troy Charles 0-0: Ball
1-0: Swinging Strike
1-1: Ball
2-1: SINGLE (Line Drive, 7S)
Batting: RHB Dimian Menres 0-0: Ball
1-0: Sac Bunt - play at first, batter OUT! 3-4
Troy Charles to second
Batting: RHB León Domínguez 0-0: Ground out 4-3 (Groundball, 4M)
Troy Charles to third
Batting: RHB Raúl Moreno 0-0: Ball
1-0: Ball
2-0: Called Strike
2-1: Fly out, F8 (Flyball, 8RM)
Bottom of the 5th over - 0 run(s), 1 hit(s), 0 error(s), 1 left on base; Mancelona 1 - South Beach 1
TOP OF THE 6TH
Mancelona Torch batting - Pitching for South Beach Blaze : RHP Carlos Ortega
Batting: RHB Bert Cook 0-0: Ball
1-0: Ball
2-0: Swinging Strike
2-1: Foul Ball, location: 2F
2-2: Fly out, F8 (Flyball, 8RM)
Batting: LHB Iemitsu Hatsutori 0-0: Called Strike
0-1: SINGLE (Line Drive, 4MD)
Batting: RHB Ron Thomas 0-0: SINGLE (Line Drive, 8LS)
Iemitsu Hatsutori to second
Batting: RHB Mesa Altuve 0-0: Foul Ball, location: 2F
0-1: Foul Ball, location: 2F
0-2: Strikes out swinging
Batting: LHB Jorge Morín 0-0: Ball
1-0: Foul Ball, location: 2F
1-1: SINGLE (Groundball, 13) (infield hit)
Iemitsu Hatsutori to third
Ron Thomas to second
Batting: RHB Vojtech Farkas 0-0: Foul Ball, location: 2F
0-1: Ball
1-1: Called Strike
1-2: Strikes out looking
Top of the 6th over - 0 run(s), 3 hit(s), 0 error(s), 3 left on base; Mancelona 1 - South Beach 1
BOTTOM OF THE 6TH
South Beach Blaze batting - Pitching for Mancelona Torch : RHP Cheh Hao
Batting: LHB Theo Fightmaster 0-0: Ball
1-0: Ball
2-0: Called Strike
2-1: Ground out 1-3 (Groundball, 15)
Batting: RHB Alfredo García 0-0: Called Strike
0-1: Swinging Strike
0-2: Ball
1-2: Strikes out swinging
Batting: RHB Logan Namajunas 0-0: Foul Ball, location: 2F
0-1: Ball
1-1: Foul Ball, location: 2F
1-2: Strikes out swinging
Bottom of the 6th over - 0 run(s), 0 hit(s), 0 error(s), 0 left on base; Mancelona 1 - South Beach 1
TOP OF THE 7TH
Mancelona Torch batting - Pitching for South Beach Blaze : RHP Carlos Ortega
Batting: LHB José Hernández 0-0: Ball
1-0: Swinging Strike
1-1: Swinging Strike
1-2: SINGLE (Flyball, 89S)
Batting: LHB Jim Unknown 0-0: Reached on error, E5 (Groundball, 5L)
José Hernández to third
Batting: RHB Ricardo Cardenas 0-0: Called Strike
0-1: Ball
1-1: SINGLE (Line Drive, 6M)
José Hernández scores
Jim Unknown to third
Batting: RHB Bert Cook 0-0: Ball
1-0: Fly out, F9 (Flyball, 89M)
Runner from 3rd tags up, SCORES, throw made
Batting: LHB Iemitsu Hatsutori 0-0: Ball
Wild Pitch!
Ricardo Cardenas to second
1-0: Intentional Walk
Batting: RHB Ron Thomas 0-0: Foul Ball, location: 2F
0-1: Foul Ball, location: 2F
0-2: Fly out, F3 (Line Drive, 3)
0-2: Lined into DP, U3 (Line Drive, 3)
Top of the 7th over - 2 run(s), 2 hit(s), 1 error(s), 1 left on base; Mancelona 3 - South Beach 1
BOTTOM OF THE 7TH
South Beach Blaze batting - Pitching for Mancelona Torch : RHP Cheh Hao
Batting: SHB José Rico 0-0: Ball
1-0: Called Strike
1-1: SINGLE (Line Drive, 4M)
Pinch Runner at 1st Joseph Papasogli:
Batting: RHB Pau Arria 0-0: Ball
Joseph Papasogli steals 2nd base
1-0: Called Strike
1-1: Ball
2-1: Ball
3-1: DOUBLE (Line Drive, 78D)
Joseph Papasogli scores
Pinch Hitting: LHB António Serrano 0-0: Called Strike
0-1: Ground out 1-3 (Groundball, 3S)
Pau Arria to third
Batting: RHB Dimian Menres 0-0: Called Strike
0-1: Called Strike
0-2: Ball
1-2: SINGLE (Line Drive, 56D)
Pau Arria scores
Batting: RHB León Domínguez 0-0: Fly out, F4 (Popup, 8LS)
Batting: RHB Raúl Moreno 0-0: Ball
1-0: Ball
Dimian Menres steals 2nd base
2-0: Foul Ball, location: 2F
2-1: Ball
3-1: Fly out, F6 (Popup, 6M)
Bottom of the 7th over - 2 run(s), 3 hit(s), 0 error(s), 1 left on base; Mancelona 3 - South Beach 3
TOP OF THE 8TH
Mancelona Torch batting - Pitching for South Beach Blaze : RHP Carlos Ortega
Now at 1B: Júlio Morín
Now at 2B: Charles Rowell
Batting: RHB Mesa Altuve 0-0: Called Strike
0-1: Foul Ball, location: 2F
0-2: Ball
1-2: Ball
2-2: Strikes out looking
Pitching: LHP Ken Mace
Batting: LHB Jorge Morín 0-0: Foul Ball, location: 2F
0-1: Ball
1-1: Ground out U3 (Groundball, 3)
Batting: RHB Vojtech Farkas 0-0: Ball
1-0: Swinging Strike
1-1: Fly out, F7 (Flyball, 78D)
Top of the 8th over - 0 run(s), 0 hit(s), 0 error(s), 0 left on base; Mancelona 3 - South Beach 3
BOTTOM OF THE 8TH
South Beach Blaze batting - Pitching for Mancelona Torch : RHP Cheh Hao
Batting: LHB Theo Fightmaster 0-0: Ball
1-0: Fly out, F7 (Flyball, 7S)
Batting: RHB Alfredo García 0-0: Ball
1-0: Foul Ball, location: 2F
1-1: Called Strike
1-2: SINGLE (Groundball, 34D)
Pitching: LHP Manuel Cruz
Pinch Hitting: RHB Héctor Santandreu 0-0: Ball
1-0: Foul Ball, location: 2F
1-1: Ball
2-1: SINGLE (Groundball, 4MD)
Alfredo García to second
Batting: RHB Júlio Morín 0-0: Ball
1-0: Ball
Passed Ball!
Alfredo García to third
Héctor Santandreu to second
2-0: Ball
3-0: Base on Balls
Batting: RHB Pau Arria 0-0: Ball
1-0: Called Strike
1-1: Ball
2-1: Ball
Single, Error in OF, E8, batter to second base
Alfredo García scores
Héctor Santandreu scores
Júlio Morín to third
Pinch Hitting: LHB Jacob Herman 0-0: Called Strike
0-1: Ball
1-1: SINGLE (Line Drive, 9S)
Júlio Morín scores
Pau Arria to third
Batting: RHB Dimian Menres 0-0: Ball
1-0: Swinging Strike
1-1: Foul Ball, location: 2F
1-2: Strikes out looking
Batting: RHB León Domínguez 0-0: Ball
1-0: Foul Ball, location: 2F
1-1: Foul Ball, location: 2F
1-2: Strikes out swinging
Bottom of the 8th over - 3 run(s), 4 hit(s), 1 error(s), 2 left on base; Mancelona 3 - South Beach 6
TOP OF THE 9TH
Mancelona Torch batting - Pitching for South Beach Blaze : LHP Ken Mace
Pitching: RHP Mario Pérez
Now at 1B: Jacob Herman
Now in CF: Héctor Santandreu
Batting: LHB José Hernández 0-0: Called Strike
0-1: Ball
1-1: Ball
2-1: Foul Ball, location: 2F
2-2: Strikes out looking
Batting: LHB Jim Unknown 0-0: Ball
1-0: Foul Ball, location: 2F
1-1: Ball
2-1: Ball
3-1: Foul Ball, location: 2F
3-2: Base on Balls
Batting: RHB Ricardo Cardenas 0-0: Ball
1-0: Foul Ball, location: 2F
1-1: Ball
2-1: Foul Ball, location: 2F
2-2: Strikes out swinging
Batting: RHB Bert Cook 0-0: Swinging Strike
0-1: Called Strike
0-2: Foul Ball, location: 2F
0-2: Ground out 4-3 (Groundball, 4)
Top of the 9th over - 0 run(s), 0 hit(s), 0 error(s), 1 left on base; Mancelona 3 - South Beach 6
This league is powered by Out of the Park Baseball, the baseball management simulation game for PC, Mac and Linux
Monday, October 3rd, 2016 - OOTP Baseball 16.9 Build 39